 Dungeon Crawl Stone Soup version 0.21-a0-270-g8204059 (webtiles) character file.

7187 KarmaPolice the Slicer (level 10, 0/80 HPs)
             Began as a Vampire Assassin on Sept 12, 2017.
             Was a Follower of Kikubaaqudgha.
             Slain by a troll (9 damage)
             ... on level 8 of the Dungeon on Sept 14, 2017.
             The game lasted 01:31:56 (20287 turns).

KarmaPolice the Slicer (Vampire Assassin)          Turns: 20287, Time: 01:31:57

Health: 0/80       AC:  0    Str: 13    XL:     10   Next: 87%
Magic:  17/19      EV: 19    Int: 13    God:    Kikubaaqudgha [*.....]
Gold:   463        SH:  0    Dex: 22    Spells: 13/21 levels left

rFire    . . .     SeeInvis +   (weapon currently unavailable)
rCold    . . .     Gourm    .   (shield currently unavailable)
rNeg     + . .     Faith    .   (armour currently unavailable)
rPois    .         Spirit   .   (helmet currently unavailable)
rElec    .         Reflect  .   (cloak currently unavailable)
rCorr    .         Harm     .   (gloves currently unavailable)
MR       +....                  (boots currently unavailable)
Stlth    ++++++....             (no amulet)
HPRegen  0.23/turn              (ring currently unavailable)
MPRegen  0.16/turn              (ring currently unavailable)

@: bat-form, flying, very quick
A: fangs 3, see invisible
a: End Transformation, Receive Corpses, Renounce Religion


You were on level 8 of the Dungeon.
You worshipped Kikubaaqudgha.
Kikubaaqudgha was aware of your devotion.
You were not thirsty.
You were in vampire-bat-form.
You visited 2 branches of the dungeon, and saw 11 of its levels.

You collected 463 gold pieces.

Inventory:

Hand Weapons
 b - a +0 blowgun
 v - a +1 dagger of speed
 x - a +2 short sword of venom (melded)
Missiles
 e - 42 poisoned needles
Armour
 a - a +0 robe of cold resistance (melded)
 d - a +0 cloak (melded)
 s - a +2 hat (melded)
 w - a +0 pair of gloves (melded)
Jewellery
 o - an uncursed ring of magical power
 t - a ring of protection from fire (melded)
 M - a ring of wizardry (melded)
Wands
 G - a wand of polymorph (7/24)
Scrolls
 l - 5 scrolls of remove curse
 n - 2 scrolls of fear
 p - a scroll of random uselessness {unknown}
 q - 6 scrolls of teleportation
 r - 5 scrolls of amnesia
 u - a scroll of enchant weapon {unknown}
 y - a scroll of blinking {unknown}
 z - a scroll of enchant armour {unknown}
 C - a scroll of fog {unknown}
 I - 2 scrolls of immolation {unknown}
 J - a scroll of recharging {unknown}
Potions
 f - a potion of cancellation {unknown}
 g - 4 potions of blood
 h - 5 potions of curing
 i - 2 potions of ambrosia {unknown}
 j - a potion of berserk rage {unknown}
 k - a potion of invisibility {unknown}
 m - 3 potions of heal wounds {unknown}
 A - a potion of degeneration {unknown}
 D - 3 potions of flight {unknown}
 E - 2 potions of brilliance {unknown}
 F - a potion of might {unknown}
Books
 H - a book of Party Tricks

   Spells                             Type                      Level
   a - Summon Butterflies             Summoning                    1
   b - Apportation                    Translocation                1
   c - Lesser Beckoning               Translocation                3
   d - Tukima's Dance                 Hexes                        3
   e - Alistair's Intoxication        Transmutation/Poison         5
   f - Invisibility                   Hexes                        6
 L - Kikubaaqudgha's Disquisition on Evil Rites
   (Kikubaaqudgha gifted it to you on level 8 of the Dungeon)

   Spells                             Type                      Level
   a - Animate Skeleton               Necromancy                   1
   b - Corpse Rot                     Necromancy                   2
   c - Sublimation of Blood           Necromancy                   2
   d - Vampiric Draining              Necromancy                   3
   e - Control Undead                 Necromancy                   4


   Skills:
 - Level 8.0 Fighting
 + Level 8.6 Short Blades
 - Level 1.5 Throwing
 - Level 6.3 Armour
 + Level 1.1 Dodging
 - Level 5.8 Stealth
 + Level 6.4 Spellcasting
 - Level 5.0 Hexes
 + Level 5.8 Necromancy


You had 13 spell levels left.
You knew the following spells:

 Your Spells              Type           Power        Failure   Level  Hunger
a - Control Undead        Necr           ###.......   14%         4    ####...
b - Tukima's Dance        Hex            ###.....     6%          3    ###....
c - Apportation           Tloc           #.....       16%         1    None


Dungeon Overview and Level Annotations

Branches:
Dungeon (10/15)            Temple (1/1) D:5            Lair (0/6) D:9
    Orc: D:9-12

Altars:
Ashenzari
Cheibriados
Dithmenos
Elyvilon
Fedhas
Gozag
Hepliaklqana
Kikubaaqudgha
Makhleb
Nemelex Xobeh
Okawaru
Qazlal
Ru
Sif Muna
Trog
Uskayaw
Vehumet
Wu Jian
Xom
Yredelemnul
Zin
The Shining One

Annotations:
D:6 Monsterracer's ghost, novice MiBe
D:9 Gastronok


Innate Abilities, Weirdness & Mutations

You have razor-sharp teeth.
You have supernaturally acute eyesight. (SInv)
((You can survive without breathing.))


Message History

x - a +2 short sword of venom (weapon)
You hit the troll. You bite the troll, but do no damage.
The troll is moderately wounded.
The troll bites you! The troll misses you. The troll claws you!
You hit the troll.
The troll looks as sick as possible!
The troll is moderately wounded.
The troll barely misses you. The troll claws you! The troll claws you.
You turn into a vampire bat.
Your +2 short sword of venom melds into your body.
Your +0 cloak melds into your body.
Your +2 hat melds into your body.
Your +0 pair of gloves melds into your body.
Your +0 robe of cold resistance melds into your body.
Your ring of wizardry melds into your body.
Your ring of protection from fire melds into your body.
Your +2 short sword of venom stops dripping with poison.
You feel less resistant to cold. The troll bites you!!
* * * LOW HITPOINT WARNING * * *
The troll claws you!
You die...
Kikubaaqudgha rasps: "You have failed me!
Welcome... oblivion!"

...##...# #.###.###
...#....###### #..##.#..
...#........[# ##.##.#..
..##...#.....# ##'##'#..
......##.)...# #######....)...
....(.##(....# #.....#........
......#..(...######...).#........
......'...([<.).........###'#)###
......#.(..((..Tb.......# #...###
...####...#.....<.......# ##..#..
#### #####.............# #..>#.#
#.............# ###.#.#
#########.....# #.#.. #######
##### #


You could see a troll.

Vanquished Creatures
  3 two-headed ogres (D:8)
  Pikel (D:9)
  A troll (D:8)
  A hornet (D:8)
  Grinder (D:6)
  2 spriggans
  5 yaks
  A hungry ghost (D:8)
  Duvessa (D:4)
  An orc warrior (D:8)
  2 sky beasts
  2 ice beasts
  4 slaves (D:9)
  A phantom (D:5)
  4 ogres
  2 centaurs
  5 bullfrogs
  2 big kobolds (D:8)
  A gnoll sergeant (D:6)
  Dowan (D:4)
  A scorpion (D:6)
  A howler monkey (D:5)
  A jelly (D:8)
  3 crimson imps
  A bullfrog zombie (D:7)
  A centaur skeleton (D:4)
  3 centaur zombies
  4 hounds
  5 orc wizards
  3 orc priests
  A gnoll shaman (D:4)
  An iguana (D:8)
  4 worker ants
  2 worker ant zombies
  Robin (D:4)
  11 gnolls
  14 adders
  2 shadow imps
  2 oozes
  2 adder skeletons
  4 worms
  3 dart slugs
  6 leopard geckos
  20 orcs
  3 ball pythons
  5 giant cockroaches
  19 goblins
  10 hobgoblins
  25 jackals
  15 kobolds
  6 quokkas
  8 bats
  4 frilled lizards
  A leopard gecko skeleton (D:6)
  A quokka zombie (D:6)
  5 rats (D:1)
239 creatures vanquished.

Notes
Turn   | Place    | Note
-------+----------+-------------------------------------------
     0 | D:1      | KarmaPolice the Vampire Assassin began the quest for the Orb.
     0 | D:1      | Reached XP level 1. HP: 16/16 MP: 1/1
    90 | D:1      | Reached XP level 2. HP: 15/22 MP: 2/2
   532 | D:1      | Reached XP level 3. HP: 20/28 MP: 3/3
  1453 | D:2      | Reached XP level 4. HP: 30/35 MP: 4/4
  1566 | D:3      | Reached skill level 1 in Armour
  2032 | D:3      | Reached XP level 5. HP: 38/41 MP: 5/5
  3019 | D:4      | Noticed Robin
  3489 | D:4      | Killed Robin
  3557 | D:4      | Noticed Duvessa
  3584 | D:4      | Killed Duvessa
  3584 | D:4      | Reached XP level 6. HP: 40/48 MP: 6/6
  3867 | D:4      | Reached skill level 5 in Short Blades
  4912 | D:4      | Noticed Dowan
  4928 | D:4      | Killed Dowan
  5015 | D:4      | Reached XP level 7. HP: 55/55 MP: 7/7
  5083 | D:4      | Found a bloodstained altar of Trog.
  5392 | D:5      | Entered Level 5 of the Dungeon
  6670 | D:5      | Found a staircase to the Ecumenical Temple.
  6692 | Temple   | Entered the Ecumenical Temple
  7031 | D:5      | Found a bloodstained altar of Trog.
  7033 | D:5      | Reached skill level 5 in Fighting
  7909 | D:5      | Found a burning altar of Makhleb.
  7910 | D:5      | Found a shimmering altar of Xom.
  7947 | D:5      | Reached XP level 8. HP: 63/63 MP: 8/8
  9017 | D:6      | Noticed Monsterracer's ghost (novice MiBe)
  9118 | D:6      | Found a stormy altar of Qazlal.
  9864 | D:6      | Noticed Grinder
  9873 | D:6      | Killed Grinder
  9949 | D:6      | Found a radiant altar of Vehumet.
 10938 | D:6      | Found a white marble altar of Elyvilon.
 11038 | D:6      | Found a glowing silver altar of Zin.
 11040 | D:6      | Found an ornate altar of the Wu Jian Council.
 11394 | D:7      | Found an ancient bone altar of Kikubaaqudgha.
 11399 | D:7      | Became a worshipper of Kikubaaqudgha
 11469 | D:7      | Found a sacrificial altar of Ru.
 11500 | D:7      | Found a blossoming altar of Fedhas.
 11890 | D:7      | Found a shattered altar of Ashenzari.
 12030 | D:8      | Noticed a two-headed ogre
 12089 | D:8      | Killed a two-headed ogre
 12089 | D:8      | Reached XP level 9. HP: 28/74 MP: 8/13
 12697 | D:8      | Upgraded the game from 0.21-a0-265-gb353147 to 0.21-a0-270-g8204059
 13507 | D:8      | Reached skill level 1 in Necromancy
 13545 | D:8      | Found a shadowy altar of Dithmenos.
 13629 | D:8      | Noticed a two-headed ogre
 13718 | D:8      | Killed a two-headed ogre
 13950 | D:8      | Reached skill level 5 in Armour
 13950 | D:8      | Reached XP level 10. HP: 69/80 MP: 17/17
 14010 | D:8      | Noticed a two-headed ogre
 14108 | D:8      | Killed a two-headed ogre
 14108 | D:8      | Reached skill level 5 in Spellcasting
 14216 | D:8      | Reached * piety under Kikubaaqudgha
 14216 | D:8      | Identified Kikubaaqudgha's Disquisition on Evil Rites (Kikubaaqudgha gifted it to you on level 8 of the Dungeon)
 14216 | D:8      | Received a gift from Kikubaaqudgha
 15018 | D:8      | Learned a level 4 spell: Control Undead
 15467 | D:9      | Found a staircase to the Lair.
 15470 | D:9      | Noticed Gastronok
 15642 | D:9      | Learned a level 3 spell: Tukima's Dance
 16045 | D:8      | Reached skill level 1 in Hexes
 16900 | D:8      | Reached skill level 5 in Necromancy
 17754 | D:9      | Noticed Pikel
 18045 | D:9      | Killed Pikel
 20006 | D:9      | Reached skill level 5 in Hexes
 20104 | D:8      | Learned a level 1 spell: Apportation
 20141 | D:10     | Entered Level 10 of the Dungeon
 20287 | D:8      | Slain by a troll

Vault maps used:
D:1:      scummos_arrival_simple_fountains, st_stairs_3
D:3:      first_bread
D:4:      trog_book, uniq_robin, uniq_duvessa
D:5:      minmay_opposing_rooms, grunt_temple_overflow_champion_of_chaos,
          marbit_many_paths, temple_fountains, gup_sewer_entry_glass
D:6:      lemuel_crystal_altar, kennysheep_little_box, kennysheep_mini_moat,
          amethyst_overflow_temple_binary, minmay_misc_feat_five, uniq_grinder
D:7:      lemuel_coloured_pillars_altar, nicolae_overflow_crystal_walls,
          overflow_temple_1_default, overflow_temple_1_default
D:8:      nicolae_dithmenos_the_darkroom, the_bakery
D:9:      kb_forest_paths, lair_entry_dummy, uniq_pikel, uniq_gastronok
D:10:     minmay_lindwurm_lava
Temple:   grunt_temple_mini_profane

Skill      XL: |  1  2  3  4  5  6  7  8  9 10 |
---------------+-------------------------------+-----
Fighting       | 2 3 4 5 7 8 |  8.0
Short Blades   | 3 4 5 6 8 |  8.6
Armour         | 1 2 3 5 6 |  6.3
Spellcasting   | 3 4 6 |  6.4
Necromancy     | 3 5 |  5.8
Hexes          | 5 |  5.0
Throwing       | |  1.5
Dodging        | |  1.1
Stealth        | |  5.8

Action                   |  1- 3 |  4- 6 |  7- 9 | 10-12 || total
-------------------------+-------+-------+-------+-------++-------
Melee: Dagger            |   134 |   233 |   225 |       ||   592
       Bite              |    16 |    27 |    44 |    31 ||   118
       Short sword       |       |       |   193 |   261 ||   454
       Unarmed           |       |       |     1 |       ||     1
 Fire: Blowgun           |       |    31 |    66 |    38 ||   135
 Abil: Bat Form          |       |     2 |    35 |    18 ||    55
       End Transformatio |       |     2 |    35 |    17 ||    54
  Use: Potion            |       |     7 |    14 |    16 ||    37
       Scroll            |       |       |     6 |     2 ||     8
 Stab: Sleeping          |     6 |     9 |    17 |     5 ||    37
       Distracted        |       |       |       |     1 ||     1
  Eat: Corpse            |       |       |     2 |     1 ||     3
Armor: Robe              |    32 |    39 |    69 |    44 ||   184
Dodge: Dodged            |    83 |   152 |   195 |   131 ||   561

Table legend:
 A = Spawn XP
 B = Non-spawn XP
 C = Spawn XP percentage of total XP
 D = Spawn monster count
 E = Non-spawn monster count
 F = Spawn count percentage of total count
 G = Total turns spent on level
                    A         B        C        D         E        F      G
               +---------+---------+-------+---------+---------+-------+---------
         Total |       0 |   10268 |   0.0 |       0 |     235 |   0.0 | 20287
               +---------+---------+-------+---------+---------+-------+---------
           D:1 |       0 |      56 |   0.0 |       0 |      30 |   0.0 |   781
           D:2 |       0 |      50 |   0.0 |       0 |      15 |   0.0 |   906
           D:3 |       0 |     244 |   0.0 |       0 |      42 |   0.0 |  2465
           D:4 |       0 |     554 |   0.0 |       0 |      24 |   0.0 |  1999
           D:5 |       0 |    1089 |   0.0 |       0 |      32 |   0.0 |  3331
           D:6 |       0 |     693 |   0.0 |       0 |      19 |   0.0 |  1549
           D:7 |       0 |     127 |   0.0 |       0 |       4 |   0.0 |   908
           D:8 |       0 |    5779 |   0.0 |       0 |      49 |   0.0 |  6059
           D:9 |       0 |    1676 |   0.0 |       0 |      20 |   0.0 |  2068
               +---------+---------+-------+---------+---------+-------+---------
